 Dungeon Crawl Stone Soup version 0.26.1-11-gd32895ea62 (webtiles) character file.

Game seed: 13411953129849046786

17344 Almogavar the Blocker (level 12, -1/73 HPs)
             Began as a Gargoyle Fighter on July 9, 2021.
             Was a High Priest of Okawaru.
             Slain by a blink frog (10 damage)
             ... on level 1 of the Lair of Beasts on July 10, 2021.
             The game lasted 00:43:22 (16262 turns).

Almogavar the Blocker (Gargoyle Fighter)           Turns: 16262, Time: 00:43:23

Health: -1/73      AC: 34    Str: 27    XL:     12   Next: 47%
Magic:  13/13      EV: 11    Int: 15    God:    Okawaru [*****.]
Gold:   998        SH:  0    Dex: 15    Spells: 11/11 levels left

rFire    . . .     SeeInvis .   t - +3 great mace "Grim Tooth" {vorpal, Str+2}
rCold    . . .     Faith    .   (shield currently unavailable)
rNeg     + . .     Spirit   .   w - +1 chain mail {Will+}
rPois    ∞         Reflect  .   u - +2 helmet
rElec    +         Harm     .   L - +2 cloak {rPois}
rCorr    .         Rampage  .   C - +0 pair of gloves
Will     ++...                  G - +0 pair of boots
Stlth    ..........             N - amulet of magic regeneration
HPRegen  0.22/turn              O - +4 ring of protection
MPRegen  0.38/turn              l - ring "Gujoxaeb" {Will+ Int+6 Dex+6}

@: no status effects
A: negative energy resistance 1, electricity resistance, unbreathing,
petrification resistance, miasma immunity, AC +8
a: Renounce Religion, Heroism, Finesse


You were on level 1 of the Lair of Beasts.
You worshipped Okawaru.
Okawaru was extremely pleased with you.
You visited 2 branches of the dungeon, and saw 13 of its levels.
You also visited: Sewer and Gauntlet.

You collected 998 gold pieces.

Inventory:

Hand Weapons
 t - the +3 great mace "Grim Tooth" (weapon) {vorpal, Str+2}
   (You found it on level 1 of the Lair of Beasts)

   It inflicts extra damage upon your enemies.
   It affects your strength (+2).
 B - a +5 mace of protection
Missiles
 h - 456 stones (quivered)
 n - 148 bolts
Armour
 f - a +2 kite shield
 u - a +2 helmet (worn)
 w - a +1 chain mail of willpower (worn)
 C - a +0 pair of gloves (worn)
 G - a +0 pair of boots (worn)
 L - a +2 cloak of poison resistance (worn)
 M - +2 steam dragon scales
 S - a cursed +0 plate armour
Jewellery
 c - a +6 ring of intelligence
 l - the ring "Gujoxaeb" (right hand) {Will+ Int+6 Dex+6}
   (You found it in a Gauntlet)

   [ring of dexterity]

   It affects your intelligence (+6).
   It affects your dexterity (+6).
   It affects your willpower, your defense against some magical effects.
 p - an uncursed ring of wizardry
 s - an uncursed ring of willpower
 D - an uncursed ring of ice
 N - an amulet of magic regeneration (around neck)
 O - a +4 ring of protection (left hand)
Wands
 b - a wand of acid (8)
 m - a wand of disintegration (23)
 r - a wand of iceblast (6)
 x - a wand of flame (76)
 y - a wand of paralysis (9)
 H - a wand of polymorph (13)
 J - a wand of digging (5)
Scrolls
 e - a scroll of magic mapping
 g - 11 scrolls of teleportation
 i - 4 scrolls of amnesia
 j - a scroll of enchant weapon
 v - 11 scrolls of remove curse
 F - a scroll of fog {unknown}
 I - a scroll of enchant armour
 K - 4 scrolls of fear {unknown}
Potions
 a - a potion of haste
 d - a potion of might
 k - a potion of flight
 o - 2 potions of resistance
 q - 2 potions of heal wounds
 z - 3 potions of brilliance
 A - 2 potions of lignification {unknown}
 E - 3 potions of ambrosia {unknown}
 Q - 3 potions of curing
 R - a potion of cancellation {unknown}
 T - a potion of attraction {unknown}
Miscellaneous
 P - a phantom mirror


   Skills:
 + Level 7.7 Fighting
 * Level 12.1 Maces & Flails
 - Level 0.7(7.8) Staves
 + Level 8.9 Armour
 + Level 4.4 Dodging
 + Level 12.6 Shields
 + Level 1.3 Invocations
 + Level 1.0 Evocations


You had 11 spell levels left.
You didn't know any spells.
Your spell library contained the following spells:

 Spells                   Type           Power        Failure   Level
 Shock                    Conj/Air       0%           77%         1
 Swiftness                Air            0%           88%         2
 Ignite Poison            Fire/Tmut/Pois 0%           98%         3
 Static Discharge         Conj/Air       0%           98%         3
 Airstrike                Air            0%           100%        4
 Petrify                  Tmut/Erth      0%           100%        4
 Alistair's Intoxication  Tmut/Pois      0%           100%        5
 Irradiate                Conj/Tmut      0%           100%        5
 Lightning Bolt           Conj/Air       0%           100%        5
 Eringya's Noxious Bog    Tmut/Pois      0%           100%        6
 Sublimation of Blood     Necr           Unusable     N/A         2

Dungeon Overview and Level Annotations

Branches:
Dungeon (11/15)            Temple (0/1) D:5            Lair (2/6) D:10
  Snake (0/4) Lair:2        Sewer (visited)         Gauntlet (visited)
  Swamp: Lair:2-4    Shoals: Lair:2-4       Orc: D:9-12

Altars:
Ashenzari
Cheibriados
Dithmenos
Okawaru
Trog
Zin

Shops:
D:8 (   D:9 [

Annotations:
D:10 2 transporters, kthxbai's ghost, novice DgIE


Innate Abilities, Weirdness & Mutations

You are resistant to torment.
Your stone body is resilient. (AC +8)
You are immune to poison.
You resist negative energy. (rN+)
You are resistant to electric shocks. (rElec)
You can survive without breathing.
You are immune to petrification.
You are immune to miasma.


Message History

The blink frog blinks!
The blink frog hits you!
* * * LOW HITPOINT WARNING * * *
The blink frog hits you but does no damage.
The blink frog blinks!
The blink frog hits you but does no damage.
The blink frog blinks!
The blink frog barely misses you.
The blink frog blinks!
There is an escape hatch in the ceiling here.
The blink frog hits you but does no damage.
The blink frog blinks!
The blink frog hits you but does no damage.
A mysterious force pulls you upwards. The hatch slams shut behind you.
You closely miss the blink frog. The blink frog hits you!
* * * LOW HITPOINT WARNING * * *
The blink frog blinks!
You barely miss the blink frog.
The blink frog blinks!
You barely miss the blink frog. The blink frog closely misses you.
The blink frog hits you but does no damage.
You miss the blink frog. The blink frog hits you!
You die...

## ### ### ###
.######.######.################P#
...............F@...[............
#######.P##.#P####..#P#######..##
# #####.######## #..######.#...##
###..##.######.###.............##
.)...............................
#######.####.....................
#.######.###..#######..########P.
.............#.#####....#.######.
.................................


You could see a blink frog.

Vanquished Creatures
  A minotaur (Gauntlet)
  A two-headed ogre (D:10)
  A tengu warrior (Gauntlet)
  An unseen horror (D:11)
  An orange crystal statue (Gauntlet)
  2 ugly things (D:11)
  A manticore (D:6)
  A black mamba (Lair:1)
  A moth of wrath (Gauntlet)
  2 cane toads (Lair:1)
  A minotaur zombie (Gauntlet)
  A komodo dragon (Lair:2)
  A troll (D:10)
  A hornet (D:9)
  Prince Ribbit (D:5)
  5 blink frogs (Lair:1)
  A meliai zombie (D:11)
  Sigmund (D:5)
  A wyvern (Lair:2)
  Eustachio (D:5)
  14 yaks
  A steam dragon (Lair:2)
  2 nagas (Lair:2)
  Edmund (D:4)
  4 water moccasins
  A necrophage (D:6)
  Duvessa (D:7)
  4 orc warriors
  An ice beast (D:6)
  3 black bears
  6 sky beasts
  2 phantoms
  An ogre (D:6)
  6 wolves (Gauntlet)
  9 centaurs
  3 big kobolds
  9 bullfrogs
  Blork the orc (D:4)
  Dowan (D:7)
  A wyvern skeleton (D:11)
  3 scorpions
  6 killer bees (D:8)
  An electric eel (Lair:2)
  4 howler monkeys
  2 quasits
  2 centaur zombies (D:11)
  7 orc wizards
  6 orc priests
  Crazy Yiuf (D:3)
  7 hounds
  2 jellies
  A bullfrog skeleton (D:10)
  A centaur skeleton (D:7)
  2 iguanas
  10 worker ants
  Terence (D:3)
  3 hell rats (Lair:2)
  2 hound skeletons
  A hound zombie (D:8)
  Robin (D:2)
  A howler monkey zombie (D:10)
  3 river rats
  15 adders
  2 white imps
  4 ufetubi
  10 oozes
  5 adder skeletons
  13 worms
  A dart slug (D:4)
  9 leopard geckos
  50 orcs
  5 giant cockroaches
  12 goblins
  14 hobgoblins
  5 jackals
  9 kobolds
  5 quokkas
  6 ball pythons
  A ball python skeleton (D:4)
  10 bats
  7 frilled lizards
  10 rats
357 creatures vanquished.

Vanquished Creatures (others)
  11 fungi
  18 plants
29 creatures vanquished.

Grand Total: 386 creatures vanquished

Notes
Turn   | Place    | Note
-------+----------+-------------------------------------------
     0 | D:1      | Almogavar the Gargoyle Fighter began the quest for the Orb.
     0 | D:1      | Reached XP level 1. HP: 14/14 MP: 1/1
   325 | D:1      | Reached XP level 2. HP: 16/19 MP: 2/2
  1014 | D:2      | Reached XP level 3. HP: 23/23 MP: 3/3
  1395 | D:2      | Reached XP level 4. HP: 27/29 MP: 4/4
  1963 | D:2      | Noticed Robin
  2014 | D:2      | Killed Robin
  2236 | D:3      | Found a snail-covered altar of Cheibriados.
  2323 | D:3      | Reached XP level 5. HP: 30/33 MP: 5/5
  2358 | D:3      | Reached skill level 1 in Dodging
  2902 | D:3      | Reached XP level 6. HP: 14/38 MP: 6/6
  3131 | D:3      | Found a broken altar of Ashenzari.
  3132 | D:3      | Found a bloodstained altar of Trog.
  3193 | D:3      | Noticed Terence
  3209 | D:3      | Killed Terence
  3507 | D:3      | Found a runed translucent door.
  3508 | D:3      | Noticed Crazy Yiuf
  3517 | D:3      | Killed Crazy Yiuf
  4208 | D:4      | Found a glowing drain.
  4214 | Sewer    | Entered a sewer
  4423 | Sewer    | Reached XP level 7. HP: 38/43 MP: 7/7
  4516 | Sewer    | Reached skill level 5 in Shields
  4936 | Sewer    | Reached skill level 5 in Maces & Flails
  5165 | D:4      | Found an iron altar of Okawaru.
  5173 | D:4      | Became a worshipper of Warmaster Okawaru
  5201 | D:4      | Noticed Blork the orc
  5513 | D:4      | Killed Blork the orc
  5514 | D:4      | Reached skill level 5 in Armour
  6333 | D:4      | Noticed Edmund
  6357 | D:4      | Killed Edmund
  6358 | D:4      | Reached XP level 8. HP: 46/48 MP: 8/8
  6504 | D:5      | Entered Level 5 of the Dungeon
  6511 | D:5      | Reached * piety under Okawaru
  6629 | D:5      | Noticed Eustachio
  6643 | D:5      | Killed Eustachio
  6873 | D:5      | Found a staircase to the Ecumenical Temple.
  6901 | D:5      | Noticed Sigmund
  6919 | D:5      | Killed Sigmund
  6920 | D:5      | Reached skill level 5 in Fighting
  7037 | D:5      | Noticed Prince Ribbit
  7047 | D:5      | Killed Prince Ribbit
  7047 | D:5      | Reached ** piety under Okawaru
  7048 | D:5      | Reached XP level 9. HP: 54/54 MP: 9/9
  7531 | D:6      | Noticed a manticore
  7544 | D:6      | Killed a manticore
  7544 | D:6      | Reached *** piety under Okawaru
  8400 | D:7      | Noticed Duvessa
  8401 | D:7      | Noticed Dowan
  8407 | D:7      | Killed Duvessa
  8413 | D:7      | Killed Dowan
  8496 | D:7      | Reached **** piety under Okawaru
  8669 | D:7      | Reached XP level 10. HP: 38/60 MP: 10/10
  9403 | D:8      | Found Yhecota's Weapon Emporium.
  9664 | D:8      | Found a glowing silver altar of Zin.
 10364 | D:9      | Found Biarus's Armour Shoppe.
 10735 | D:9      | Found a shadowy altar of Dithmenos.
 10823 | D:10     | Entered Level 10 of the Dungeon
 10998 | D:10     | Received a gift from Okawaru
 11254 | D:10     | Noticed a two-headed ogre
 11264 | D:10     | Killed a two-headed ogre
 11382 | D:10     | Found a staircase to the Lair.
 11408 | D:10     | Noticed a phantasmal warrior
 11412 | D:10     | Noticed a cyclops
 11413 | D:10     | Found a transporter.
 11413 | D:10     | Noticed kthxbai's ghost (novice DgIE)
 11484 | D:10     | Reached skill level 10 in Shields
 11572 | D:10     | Found a transporter.
 11694 | D:10     | Reached ***** piety under Okawaru
 11731 | D:10     | Received a gift from Okawaru
 11732 | D:10     | Reached skill level 10 in Maces & Flails
 11892 | D:11     | Reached XP level 11. HP: 66/66 MP: 11/11
 12063 | D:11     | Noticed a brown ugly thing
 12063 | D:11     | Noticed a cyan ugly thing
 12081 | D:11     | Killed a cyan ugly thing
 12090 | D:11     | Killed a white ugly thing
 12108 | D:11     | Reached skill level 1 in Invocations
 12115 | D:11     | Received a gift from Okawaru
 12300 | D:11     | Killed an unseen horror
 12524 | D:11     | Reached skill level 1 in Evocations
 13109 | Lair:1   | Entered Level 1 of the Lair of Beasts
 13233 | Lair:1   | Found a gate leading to a gauntlet.
 13240 | Gauntlet | Entered a Gauntlet
 13240 | Gauntlet | Found a transporter.
 13240 | Gauntlet | Found a transporter.
 13240 | Gauntlet | Found a transporter.
 13240 | Gauntlet | Noticed a tengu warrior
 13415 | Gauntlet | Found a transporter.
 13415 | Gauntlet | Found a transporter.
 13419 | Gauntlet | Noticed a queen ant
 13423 | Gauntlet | Found a transporter.
 13426 | Gauntlet | Found a transporter.
 13430 | Gauntlet | Found a runed translucent door.
 13430 | Gauntlet | Found a runed translucent door.
 13434 | Gauntlet | Found a transporter.
 13434 | Gauntlet | Noticed a blizzard demon
 13452 | Gauntlet | Found a transporter.
 13457 | Gauntlet | Found a transporter.
 13458 | Gauntlet | Noticed an orange crystal statue
 13460 | Gauntlet | Found a transporter.
 13463 | Gauntlet | Noticed a moth of wrath
 13470 | Gauntlet | Found a transporter.
 13751 | Gauntlet | Killed a tengu warrior
 13791 | Gauntlet | Killed a moth of wrath
 13974 | Gauntlet | Killed an orange crystal statue
 13979 | Gauntlet | Got a transparent bronze ring
 13992 | Gauntlet | Identified the ring "Gujoxaeb" {Will+ Int+6 Dex+6} (You
                  | found it in a Gauntlet)
 14242 | Gauntlet | Noticed a minotaur
 14273 | Gauntlet | Killed a minotaur
 14274 | Gauntlet | Reached XP level 12. HP: 41/72 MP: 12/12
 15298 | Lair:1   | Got a crude great mace
 15304 | Lair:1   | Identified the +3 great mace "Grim Tooth" {vorpal, Str+2}
                  | (You found it on level 1 of the Lair of Beasts)
 15627 | Lair:2   | Found a staircase to the Snake Pit.
 16262 | Lair:1   | Slain by a blink frog

Illustrated notes

Levels and vault maps discovered:
D:1:      wander_arrival_estate, layout_basic
D:2:      layout_basic, uniq_robin
D:3:      minmay_inner_zag, layout_rooms, cheibriados_altar_1, minitemple,
          uniq_terence, uniq_crazy_yiuf_cottage
D:4:      layout_cave_pools, lightli_sewer_entry_pipes, okawaru_gym_becter,
          uniq_edmund, uniq_blork_the_orc
D:5:      layout_rooms, minmay_temple_entry_mist, serial_corexii_hall,
          corexii_hall_statues_deadend, corexii_hall_statues_i,
          grunt_ministairs_13, minmay_misc_feat_alley, uniq_prince_ribbit1,
          uniq_sigmund, uniq_eustachio
D:6:      layout_gridville
D:7:      layout_gridville, uniq_duvessa
D:8:      layout_rooms, serial_glass, glass_columns_b, glass_columns_b,
          serial_shops, shop, basic_altar
D:9:      layout_rooms, serial_shops, nicolae_shop_waterfront,
          nicolae_dithmenos_the_darkroom
D:10:     layout_basic, lair_entry_dummy, gammafunk_ghost_arena
D:11:     layout_loops_ring, minmay_quadrilaterals
Lair:1:   layout_long_grid, gauntlet_entry_generic, lemuel_fruit_tree
Lair:2:   layout_regular_city, guppyfry_snake_entry_island,
          serial_bayou_shore_a, serial_bayou_shore_b

Skill      XL: |  1  2  3  4  5  6  7  8  9 10 11 12 |
---------------+-------------------------------------+-----
Armour         | 4 5 6 7 8 |  8.9
Maces & Flails | 3 4 5 7 8 10 11 12 | 12.1
Dodging        | 1 2 3 4 |  4.4
Shields        | 4 5 6 8 10 11 12 | 12.6
Fighting       | 4 5 6 7 |  7.7
Invocations    | 1 |  1.3
Evocations     | 1 |  1.0
Staves         | |  0.7

Action                   |  1- 3 |  4- 6 |  7- 9 | 10-12 || total
-------------------------+-------+-------+-------+-------++-------
Melee: Flail             |   135 |   210 |       |       ||   345
       Mace              |       |    90 |   451 |   737 ||  1278
       Staff             |       |       |       |   116 ||   116
       Great mace        |       |       |       |    95 ||    95
Invok: Heroism           |       |       |       |    12 ||    12
Evoke: Wand              |       |       |     1 |     5 ||     6
  Use: Potion            |       |     2 |     1 |     6 ||     9
       Scroll            |       |     9 |     1 |     9 ||    19
 Stab: Distracted        |       |       |       |     1 ||     1
Armor: Scale mail        |    75 |   170 |   158 |       ||   403
       Chain mail        |       |       |    71 |   580 ||   651
Dodge: Dodged            |    45 |    87 |   125 |   348 ||   605
Block: Kite shield       |    71 |   193 |   273 |   702 ||  1239
